 Dungeon Crawl Stone Soup version 0.28-b1-25-g9875b3fc8c (webtiles) character file.

Game seed: 3062591081733127108

1430 buriedalive the Frost Mage (level 8, -1/44 HPs)
             Began as a Deep Elf Ice Elementalist on Feb 2, 2022.
             Succumbed to a killer bee's poison
             ... on level 7 of the Dungeon.
             The game lasted 00:10:45 (7220 turns).

buriedalive the Frost Mage (DEIE)                   Turns: 7220, Time: 00:10:46

Health: -1/44      AC: 12    Str:  5    XL:     8   Next: 45%
Magic:  8/16       EV: 14    Int: 23    God:
Gold:   171        SH:  0    Dex: 15    Spells: 4/15 levels left

rFire   . . .      SeeInvis .   f - +0 dagger (freeze)
rCold   . . .      Faith    .   (no shield)
rNeg    . . .      Spirit   .   a - +0 robe
rPois   .          Reflect  .   (no helmet)
rElec   .          Harm     .   b - +0 cloak
rCorr   .          Rampage  .   (no gloves)
Will    .....                   (no boots)
Stlth   ++........              (no amulet)
HPRegen 0.14/turn               (no ring)
MPRegen 0.15/turn               (no ring)

@: lethally poisoned (-1 -> -10), ice-armoured, freezing walls
A: no striking features
a: no special abilities


You were on level 7 of the Dungeon.
You visited 1 branch of the dungeon, and saw 7 of its levels.

You collected 171 gold pieces.

Inventory:

Hand Weapons
 f - a +0 dagger of freezing (weapon)
Missiles
 e - 165 stones
 n - 6 poisoned darts
Armour
 a - a +0 robe (worn)
 b - a +0 cloak (worn)
Scrolls
 h - a scroll of blinking
 i - a scroll of fog
 l - 2 scrolls of vulnerability
Potions
 j - a potion of lignification
 k - 2 potions of curing {unknown}
 m - a potion of attraction {unknown}
 q - a potion of ambrosia {unknown}
 r - 2 potions of degeneration {unknown}
 t - a potion of cancellation {unknown}


   Skills:
 - Level 2.0 Fighting
 - Level 2.8 Short Blades
 + Level 5.8 Dodging
 - Level 2.4 Stealth
 + Level 4.3 Spellcasting
 - Level 10.0 Ice Magic


You had 4 spell levels left.
You knew the following spells:

 Your Spells              Type           Power      Damage    Failure   Level
a - Freeze                Ice            100%       1d11      1%          1
b - Ozocubu's Armour      Ice            50%        N/A       1%          3
c - Frozen Ramparts       Ice            100%       1d12      1%          3
d - Hailstorm             Conj/Ice       27%        3d7       13%         4

Your spell library contained the following spells:

 Spells                   Type           Power      Damage    Failure   Level
 Conjure Flame            Conj/Fire      4%         6-21      30%         3
 Ignite Poison            Fire/Tmut/Pois 4%         N/A       30%         3
 Sticky Flame             Conj/Fire      4%         2d3       71%         4


Dungeon Overview and Level Annotations

Branches:
Dungeon (7/15)
 Temple: D:4-7

Altars:

Shops:
D:4 *


Message History

You are poisoned.
The killer bee poisons you!
The wall freezes the killer bee. x2
You hit the killer bee but do no damage.
The killer bee is heavily wounded.
You feel sick.
The wall freezes the killer bee but does no damage.
The killer bee stings you but does no damage.
The wall freezes the killer bee. x3
The killer bee stings you but does no damage.
The wall freezes the killer bee. x2
You kill the killer bee!
You barely miss the killer bee.
The killer bee is severely wounded.
You feel sick.
The killer bee buzzes angrily.
The wall freezes the killer bee. x2
The killer bee stings you but does no damage.
The wall freezes the killer bee.
You kill the killer bee!
The wall freezes the killer bee.
Your Spellcasting skill increases to level 4!
You hit the killer bee but do no damage.
You punch the killer bee, but do no damage.
The killer bee is almost dead.
You feel sick.
The wall freezes the killer bee.
You kill the killer bee!
The wall freezes the killer bee. x3; The killer bee stings you.
* * * LOW HITPOINT WARNING * * *
You are more poisoned.
The killer bee poisons you!
You hit the killer bee. You freeze the killer bee.
The killer bee is severely wounded.
* * * LOW HITPOINT WARNING * * *
You feel very sick.
The wall freezes the killer bee. x2; The killer bee misses you.
The wall freezes the killer bee. x2
Unknown command.
You miss the killer bee.
The killer bee is severely wounded.
You die...

.#.#.#.#.#.#.#
#.#.#.#.#.#.####
.#.#.#.#.#.#...#
#.#.#.#.#.#.##.#
.#.#.#.#.#.#.#.#
.#.#.#.#.#.##.#
#y#.#.#.#.#.#.#
#y#.#.#.#.#.##.########
.#.#.#.#.#.#..yy@.....+
#.#.#(#.#.#.##y####.###
.#.#.#.#.#.# #.#
.#.#.#.#.# #.. .#.#'#.#
#### .#...# '... .[


You could see 3 killer bees.

Vanquished Creatures
  A sky beast (D:6)
  A black bear (D:5)
  An ogre (D:3)
  A centaur (D:5)
  3 scorpions
  A water moccasin zombie (D:6)
  A water moccasin skeleton (D:7)
  3 killer bees (D:7)
  5 hounds
  2 orc priests
  3 orc wizards (D:7)
  6 iguanas
  A hound zombie (D:5)
  13 adders
  3 dart slugs
  14 orcs
  2 ball pythons
  6 bats
  5 endoplasms
  4 giant cockroaches
  7 goblins
  8 hobgoblins
  8 jackals
  7 quokkas
  4 frilled lizards
  10 kobolds
  7 rats
127 creatures vanquished.

Vanquished Creatures (others)
  A bush (D:7)
1 creature vanquished.

Grand Total: 128 creatures vanquished

Notes
Turn   | Place    | Note
-------+----------+-------------------------------------------
     0 | D:1      | buriedalive the Deep Elf Ice Elementalist began the quest
                  | for the Orb.
     0 | D:1      | Reached XP level 1. HP: 10/10 MP: 6/6
   273 | D:1      | Reached XP level 2. HP: 13/15 MP: 5/8
   501 | D:1      | Reached skill level 5 in Ice Magic
   604 | D:1      | Reached XP level 3. HP: 8/20 MP: 6/9
  1221 | D:2      | Learned a level 3 spell: Frozen Ramparts
  1225 | D:2      | Learned a level 3 spell: Ozocubu's Armour
  1673 | D:2      | Found a faded altar of an unknown god.
  1676 | D:2      | Reached XP level 4. HP: 24/24 MP: 10/10
  2123 | D:3      | Noticed an ogre
  2134 | D:3      | Killed an ogre
  2135 | D:3      | Reached skill level 1 in Fighting
  2135 | D:3      | Reached skill level 1 in Short Blades
  2135 | D:3      | Reached skill level 6 in Ice Magic
  2135 | D:3      | Reached XP level 5. HP: 5/29 MP: 2/11
  3295 | D:4      | Found Ryehot's Serpentskin Sales.
  3502 | D:4      | Reached skill level 7 in Ice Magic
  3502 | D:4      | Reached XP level 6. HP: 21/34 MP: 2/12
  3966 | D:5      | Entered Level 5 of the Dungeon
  4261 | D:5      | Reached skill level 8 in Ice Magic
  4261 | D:5      | Reached XP level 7. HP: 38/38 MP: 4/13
  5428 | D:5      | Reached skill level 9 in Ice Magic
  6463 | D:6      | Reached XP level 8. HP: 28/44 MP: 11/14
  7021 | D:7      | Reached skill level 5 in Dodging
  7024 | D:7      | Reached skill level 10 in Ice Magic
  7034 | D:7      | Learned a level 4 spell: Hailstorm
  7219 | D:7      | HP: 1/44 [poisoned by a killer bee]
  7220 | D:7      | Succumbed to a killer bee's poison

Illustrated notes

Levels and vault maps discovered:
D:1:      wheals_arrival_shading, layout_loops_ring, skrybe_limestone_x,
          minivault_23
D:2:      layout_rooms, hellmonk_ecumenical_altar_run_dry
D:3:      layout_basic
D:4:      layout_rooms, guppyfry_shop_venom
D:5:      layout_loops_ring
D:6:      layout_loops_ring, temple_hall, uniq_eustachio
D:7:      minmay_klotski, layout_basic, nicolae_qazlal_general_emergency,
          enter_bailey_1

Skill      XL: |  1  2  3  4  5  6  7  8 |
---------------+-------------------------+-----
Ice Magic      | 5 6 7 8 9 10 | 10.0
Dodging        | 3 4 5 |  5.8
Fighting       | 1 2 |  2.0
Short Blades   | 1 2 |  2.8
Spellcasting   | 4 |  4.3
Stealth        | |  2.4

Action                   |  1- 3 |  4- 6 |  7- 9 || total
-------------------------+-------+-------+-------++-------
Melee: Dagger            |    28 |    53 |   137 ||   218
       Unarmed           |     2 |       |       ||     2
       Punch             |       |       |     1 ||     1
 Cast: Freeze            |    44 |    50 |    15 ||   109
       Frozen Ramparts   |     1 |     9 |    14 ||    24
       Ozocubu's Armour  |       |     5 |     9 ||    14
  Use: Scroll            |       |       |     9 ||     9
       Potion            |       |       |     2 ||     2
 Stab: Sleeping          |     5 |     6 |     6 ||    17
Armor: Robe              |    18 |    32 |    44 ||    94
Dodge: Dodged            |    35 |    68 |    98 ||   201
